 Dungeon Crawl Stone Soup version 0.28-a0-1624-g820543e53a (webtiles) character file.

Game seed: 11772811096964584601

49 a3don the Magician (level 4, -1/33 HPs)
             Began as a Djinni Ice Elementalist on Jan 24, 2022.
             Slain by a gnoll (4 damage)
             ... on level 2 of the Dungeon.
             The game lasted 00:03:41 (1390 turns).

a3don the Magician (Djinni Ice Elementalist)        Turns: 1390, Time: 00:03:41

Health: -1/33      AC:  2    Str:  7    XL:     4   Next: 1%
Gold:   31         EV: 12    Int: 19    God:
                   SH:  0    Dex: 13

rFire   + + .      SeeInvis .   a - +0 dagger
rCold   x . .      Faith    .   (no shield)
rNeg    . . .      Spirit   .   b - +0 robe
rPois   ∞          Reflect  .   (no helmet)
rElec   .          Harm     .   (no cloak)
rCorr   .          Rampage  .   (no gloves)
Will    .....                   (boots unavailable)
Stlth   ++........              (no amulet)
HPRegen 0.11/turn               (no ring)
MPRegen 0.00/turn               (no ring)

@: flying
A: sickness immunity, fire resistance 2, cold vulnerability 1, float, innate
caster, hp casting, extra vitality 1
a: no special abilities


You were on level 2 of the Dungeon.
You visited 1 branch of the dungeon, and saw 2 of its levels.

You collected 31 gold pieces.

Inventory:

Hand Weapons
 a - a +0 dagger (weapon)
Missiles
 d - 3 curare-tipped darts
 f - 48 stones
 g - a throwing net
Armour
 b - a +0 robe (worn)
Wands
 i - a wand of charming (13)
Scrolls
 c - a scroll of torment {unknown}
 e - a scroll of fog
 h - 2 scrolls of identify
 j - a scroll of magic mapping {unknown}


   Skills:
 + Level 2.2 Fighting
 - Level 2.1 Dodging
 - Level 1.5 Stealth
 + Level 3.7 Spellcasting


You couldn't memorise any spells.
You knew the following spells:

 Your Spells              Type           Power      Damage    Failure   Level
a - Freeze                Ice            68%        1d8       3%          1
b - Frozen Ramparts       Ice            34%        1d5       9%          3
c - Ozocubu's Armour      Ice            17%        N/A       9%          3
d - Hailstorm             Conj/Ice       17%        3d6       30%         4
e - Summon Small Mammal   Summ           68%        N/A       3%          1
Your spell library was empty.

Dungeon Overview and Level Annotations

Branches:
Dungeon (2/15)

Altars:
Hepliaklqana


Innate Abilities, Weirdness & Mutations

You are immune to sickness and miasma.
You are immune to poison.
Your flesh is very heat resistant. (rF++)
You are vulnerable to cold. (rC-)
You float through the air rather than walking.
You learn spells naturally, not from books.
Your magical power is your life essence.
You have superior vitality. (+4 MHP)


Message History

Confirm with . or Enter, or press ? or * to list all spells.
Aiming: Freeze (safe; 3% risk of failure)
Press: ? - help, Shift-Dir - straight line, f - quokka
Aim: a quokka You freeze the quokka.
You kill the quokka!
You have reached level 4!
You feel clever.
A gnoll comes into view. It is wielding a +0 halberd.
The gnoll shouts!
You hear a shout!
A gnoll comes into view. It is wielding a +0 club.
Casting: Freeze (safe; 3% risk of failure)
Confirm with . or Enter, or press ? or * to list all spells.
The spell is quite dangerous to miscast (9% risk of failure)!
Continue anyway?
Casting: Frozen Ramparts (quite dangerous; 9% risk of failure)
Press: ? - help, Dir - look around, f - activate You miscast Frozen Ramparts.
You are very lightly contaminated with residual magic.
Nothing appears to happen.
The gnoll hits you from afar with a +0 halberd!
A giant cockroach comes into view.
A gnoll comes into view. It is wielding a +0 spear.
The gnoll hits you from afar with a +0 spear.
A gnoll comes into view. It is wielding a +0 halberd.
Found 25 arrows.
The gnoll closely misses you.
The gnoll hits you from afar with a +0 spear.
The gnoll hits you from afar with a +0 halberd.
* * * LOW HITPOINT WARNING * * *
The gnoll hits you from afar with a +0 spear.
* * * LOW HITPOINT WARNING * * *
Your magical contamination has completely faded away.
As you read the scroll labelled FIOZIKLACW, it crumbles to dust.
It is a scroll of identify.
e - 2 scrolls of fog The giant cockroach barely misses you.
As you read the scroll of fog, it crumbles to dust.
The scroll dissolves into smoke.
The giant cockroach bites you but does no damage.
The gnoll hits you from afar with a +0 spear.
You die...

......#...
...)..# ##
.....P# .PP..P#
.. ###P##P...
#. ..........
##§## ####...
.. §§.#
######.## #§§#
#.. ....####§@#
# #g#
#(...§g§B# #
#.#####.#####§#
#
#g##....gg§g§§#
##
#.##.##.#######
.# #.##.##.#
.###...g...#
........####
#########


You could see a gnoll and a giant cockroach.

Vanquished Creatures
  A worm (D:2)
  A dart slug (D:1)
  4 endoplasms (D:1)
  3 giant cockroaches (D:1)
  5 goblins
  3 hobgoblins (D:1)
  3 jackals (D:2)
  2 kobolds (D:1)
  2 quokkas
  5 ball pythons (D:1)
  3 bats
  4 frilled lizards
  4 rats
40 creatures vanquished.

Notes
Turn   | Place    | Note
-------+----------+-------------------------------------------
     0 | D:1      | a3don the Djinni Ice Elementalist began the quest for the
                  | Orb.
     0 | D:1      | Reached XP level 1. HP: 15/15 MP: 0/0
    56 | D:1      | Reached skill level 1 in Fighting
    56 | D:1      | Reached XP level 2. HP: 8/22 MP: 0/0
   671 | D:1      | Reached XP level 3. HP: 27/27 MP: 0/0
   671 | D:1      | Learned a level 1 spell: Summon Small Mammal
   960 | D:2      | Found a hazy altar of Hepliaklqana.
  1361 | D:2      | Reached XP level 4. HP: 32/33 MP: 0/0
  1390 | D:2      | Slain by a gnoll

Illustrated notes

Levels and vault maps discovered:
D:1:      dpeg_arrival_court, layout_rooms, minmay_statues_item,
          minmay_pentomino_t2
D:2:      cheibrodos_old_hovel, layout_loops_cross, basic_altar,
          chequers_ecumenical_altar_island, hangedman_decor_push, uniq_natasha

Skill      XL: |  1  2  3 |
---------------+----------+-----
Fighting       | 1 2 |  2.2
Dodging        | |  2.1
Stealth        | |  1.5
Spellcasting   | |  3.7

Action                   |  1- 3 |  4- 6 || total
-------------------------+-------+-------++-------
Melee: Dagger            |    15 |       ||    15
 Cast: Freeze            |    42 |       ||    42
       Frozen Ramparts   |     3 |       ||     3
  Use: Scroll            |       |     2 ||     2
Armor: Robe              |    10 |     1 ||    11
Dodge: Dodged            |    23 |     2 ||    25

Table legend: (Time is in decaauts)
 A = Elapsed time spent in this place.
 B = Non-inter-level travel time spent in this place.
 C = Inter-level travel time spent in this place.
 D = Time resting spent in this place.
 E = Time spent auto-exploring this place.
 F = Levels seen in this place.
 G = Mean time per level.
                   A        B        C        D        E       F      G
               +--------+--------+--------+--------+--------+-----+--------+
         Total |   1389 |   1356 |     33 |    554 |    553 |   2 |  694.5 |
       Dungeon |   1389 |   1356 |     33 |    554 |    553 |   2 |  694.5 |
               +--------+--------+--------+--------+--------+-----+--------+

Top non-repeatable levels by time:
     D:1: 959 daAuts
     D:2: 429 daAuts
